 Dungeon Crawl Stone Soup version 0.20-a0-876-g2c7b0bf (webtiles) character file.

578013 frogmouthbird the Impregnable (level 25, -11/234 (236) HPs)
             Began as a Minotaur Gladiator on Mar 15, 2017.
             Was the Champion of the Shining One.
             Killed from afar by a lich (52 damage)
             ... with a bolt of acid
             ... on level 3 of the Crypt on Mar 16, 2017.
             The game lasted 02:43:18 (51369 turns).

frogmouthbird the Impregnable (Minotaur Gladiator) Turns: 51369, Time: 02:43:19

HP:   -11/234 (236) AC: 32    Str: 29    XL:     25   Next: 28%
MP:   35/35         EV: 26    Int: 11    God:    the Shining One [******]
Gold: 4243          SH: 28    Dex: 16    Spells: 17/24 levels left

rFire    + + .     SeeInvis +   a - +7 double sword (elec)
rCold    + + +     Gourm    .   p - +4 ice dragon scales of the Boiling Point {rPois rF- rC++ MR+}
rNeg     + + +     Faith    .   S - +5 shield {rC+ rF+}
rPois    +         Spirit   .   W - +2 hat
rElec    +         Reflect  +   X - +1 cloak of Integrity {rF+ rC+ Str+6 Dex-4}
rCorr    .         Harm     .   b - +0 pair of gloves of Xaden {*Slow MR+++ SInv}
MR       +++++                  H - +2 pair of boots {run}
Stlth    ..........             K - brooch of Shielding {Reflect SH+8}
Regen    0.5/turn               u - ring of protection from fire
MPRegen  0.3/turn               t - ring "Gukk" {rElec Str+2 Int+6}

@: about to teleport, slowed, glowing, very slow
A: retaliatory headbutt, beak, horns 2, dopey 1, magic resistance 2
}: 4/15 runes: serpentine, barnacled, slimy, silver
a: Divine Shield, Cleansing Flame, Summon Divine Warrior, Brand Weapon With Holy
Wrath, Renounce Religion


You were on level 3 of the Crypt.
You worshipped the Shining One.
The Shining One was exalted by your worship.
You were very hungry.

You visited 11 branches of the dungeon, and saw 53 of its levels.
You also visited: Labyrinth, Sewer, Ice Cave and Volcano.

You collected 6518 gold pieces.
You spent 2275 gold pieces at shops.

Inventory:

Hand Weapons
 a - a +7 double sword of electrocution (weapon)
Missiles
 d - 9 throwing nets
 g - 64 javelins (quivered)
 l - 12 javelins of penetration
 O - a silver javelin
 V - 10 poisoned javelins
 Y - 15 javelins of returning
Armour
 b - the +0 pair of gloves of Xaden (worn) {*Slow MR+++ SInv}
   (You found it on level 6 of the Lair of Beasts)

   It affects your resistance to hostile enchantments.
   It lets you see invisible.
   It may slow you when you take damage.
 p - the +4 ice dragon scales of the Boiling Point (worn) {rPois rF- rC++ MR+}
   (You found it in an ice cave)

   It makes you vulnerable to fire.
   It greatly protects you from cold.
   It protects you from poison.
   It affects your resistance to hostile enchantments.
 H - a +2 pair of boots of running (worn)
 S - a +5 shield of resistance (worn)
 W - a +2 hat (worn)
 X - the +1 cloak of Integrity (worn) {rF+ rC+ Str+6 Dex-4}
   (You found it on level 12 of the Dungeon)

   It affects your strength (+6).
   It affects your dexterity (-4).
   It protects you from fire.
   It protects you from cold.
Jewellery
 t - the ring "Gukk" (left hand) {rElec Str+2 Int+6}
   (You found it on level 5 of the Pits of Slime)

   [ring of strength]

   It affects your strength (+2).
   It affects your intelligence (+6).
   It insulates you from electricity.
 u - a ring of protection from fire (right hand)
 K - the brooch of Shielding (around neck) {Reflect SH+8}
   (You found it on level 3 of the Elven Halls)

   [amulet of reflection]

   It shields you and reflects attacks.
   It affects your SH (+8).
Wands
 h - a wand of paralysis (5/24)
 L - a wand of digging (14/24)
Scrolls
 c - 6 scrolls of blinking
 e - 26 scrolls of remove curse
 j - 10 scrolls of immolation
 s - a scroll of summoning
 x - 10 scrolls of identify
 y - 8 scrolls of fear
 A - 5 scrolls of fog
 D - a scroll of enchant armour
 G - 11 scrolls of magic mapping
 J - 20 scrolls of teleportation
 M - a scroll of holy word
 P - 10 scrolls of recharging
 Q - 2 scrolls of silence
Potions
 k - 6 potions of resistance
 m - 7 potions of haste
 n - 3 potions of heal wounds
 o - 2 potions of cancellation
 q - 20 potions of curing
 v - 8 potions of flight
 z - 9 potions of might
 B - a potion of invisibility
 E - 3 potions of ambrosia
 F - 5 potions of agility
 R - 3 potions of magic
 T - 5 potions of berserk rage
 U - a potion of brilliance
Miscellaneous
 r - a lamp of fire
 N - a lightning rod (1/4)
Comestibles
 f - 33 bread rations
 i - 51 fruits
 w - 7 meat rations
 C - 15 royal jellies


   Skills:
 + Level 21.4 Fighting
 - Level 17.6 Long Blades
 - Level 17.7 Throwing
 + Level 21.9 Armour
 + Level 21.7 Dodging
 - Level 15.6 Shields
 * Level 18.4 Invocations


You had 17 spell levels left.
You knew the following spells:

 Your Spells              Type           Power        Failure   Level  Hunger
a - Deflect Missiles      Chrm/Air       #.........   100%        6    #######
b - Apportation           Tloc           #.....       61%         1    ##.....


Dungeon Overview and Level Annotations

Branches:
Dungeon (15/15)            Temple (1/1) D:4            Lair (6/6) D:8
 Shoals (4/4) Lair:3        Snake (4/4) Lair:2        Slime (5/5) Lair:5
    Orc (2/2) D:11            Elf (3/3) Orc:2        Vaults (5/5) D:14
  Crypt (3/3) Vaults:3     Depths (5/5) D:15            Zot (0/5) Depths:5
   Tomb: Crypt:3

Altars:
Ashenzari
Cheibriados
Dithmenos
Elyvilon
Fedhas
Gozag
Hepliaklqana
Kikubaaqudgha
Makhleb
Nemelex Xobeh
Okawaru
Qazlal
Ru
Sif Muna
Uskayaw
Vehumet
Wu Jian
Xom
Yredelemnul
Zin
The Shining One
Beogh
Jiyva
Lugonu

Shops:
D:7 :   D:10 *=   D:13 [   Orc:1 (???   Orc:2 :*[%   Snake:1 [}=}   Vaults:4 ?
Vaults:5 (!=[   Depths:1 :   Depths:2 [

Portals:
Hell: Depths:1 Depths:2 Depths:3 Depths:4 Depths:5
Abyss: Depths:4
Pandemonium: Depths:2 Depths:3
Ziggurat: Depths:2

Annotations:
D:8 exclusion: door
Lair:1 exclusion: 2 oklob plants
Shoals:3 stupid vault


Innate Abilities, Weirdness & Mutations

You reflexively headbutt those who attack you in melee.
You have a pair of horns on your head.
You have a beak for a mouth.
You are dopey. (Int -2)
You are highly resistant to hostile enchantments. (MR++)


Message History

The lich gestures at you while chanting.
The bolt of acid misses you. The lich closely misses you.
The skeletal warrior barely misses you.
Unknown command.
You block the lich's attack. You block the lich's attack.
There is a large open door here.
Unknown command.
You slash the lich!
The lich is heavily damaged.
You block the lich's attack.
The skeletal warrior hits you from afar with a bardiche!
* * * LOW HITPOINT WARNING * * *
The lich touches you but does no damage.
Unknown command.
As you read the scroll of teleportation, it crumbles to dust.
You feel strangely unstable. The lich casts a spell at you.
The bolt of acid hits you!
You die...

..# ..# ...# ####
...# ##⌠⌠## ....#
#....####....#
+....'z)Z....#
+...MLzzMMM..#
####..)@#####...#
#..#.)).#..# .#
#..##''##..#
#..8#..#8..#
#..........#
######..........##
...(...............
...........########
..........#


You could see a lich, 3 skeletal warriors, 4 guardian mummies and an ice dragon
zombie.

Vanquished Creatures
  Mara (Vaults:5)
  An ancient lich (Vaults:5)
  Mennas (Crypt:1)
  A juggernaut (Depths:2)
  Frederick (Vaults:5)
  Bai Suzhen (Vaults:4)
  Nikola (Elf:1)
  A golden dragon (Vaults:5)
  A bone dragon (Crypt:2)
  Jorgrun (Shoals:3)
  A tentacled monstrosity (Vaults:5)
  6 liches
  A shard shrike skeleton (Crypt:2)
  4 titans
  A kraken (Shoals:2)
  2 sphinxes
  Kirke (Shoals:3)
  Polyphemus (Shoals:3)
  Frances (Elf:1)
  9 ancient champions
  3 acid blobs
  A storm dragon (Vaults:5)
  3 shadow dragons
  A revenant (Crypt:1)
  3 tengu reavers
  6 azure jellies
  7 frost giants
  5 nagarajas
  Ilsuiw (Shoals:4)
  An iron dragon (Vaults:5)
  9 vault wardens
  Aizul (Snake:3)
  3 fire giants
  2 deep elf sorcerers
  A draconian scorcher (Depths:5)
  A curse skull (Vaults:3)
  2 orc warlords (Orc:2)
  A draconian shifter (Depths:5)
  A cacodemon (Depths:3)
  9 ghouls
  12 ironheart preservers
  2 deep elf elementalists
  3 very ugly things
  2 war gargoyles
  Nessos (Lair:4)
  2 spriggan defenders (Depths:5)
  7 deep elf demonologists
  5 vampire knights
  13 stone giants
  3 entropy weavers
  10 deep elf annihilators
  4 spark wasps (Depths:5)
  A yellow draconian (Depths:5)
  The ghost of Kurtz the Brawler, a journeyman TrCK of Xom (IceCv)
  A green death (Depths:2)
  4 deep elf death magi
  A purple draconian (Depths:5)
  The ghost of Treemains the Slicer, a journeyman HaSk of Qazlal (Lair:3)
  8 eidola
  7 ettins
  4 merfolk javelineers (Shoals:4)
  15 ogre magi
  2 death oozes
  A mummy priest (Crypt:2)
  Josephine (D:14)
  2 deep elf high priests
  8 great orbs of eyes
  6 merfolk impalers
  8 yaktaur captains
  10 fire dragons
  10 jiangshi
  7 hydras
  4 rakshasas
  7 vault guards
  5 spriggan air magi
  A catoblepas (Shoals:3)
  6 naga warriors
  8 ice dragons
  8 centaur warriors
  11 anacondas
  4 alligator snapping turtles
  Erica (D:9)
  35 two-headed ogres
  9 dancing weapons
  A merfolk avatar (Shoals:2)
  9 death knights
  4 merfolk aquamancers
  3 satyrs
  11 vampire magi
  2 tengu warriors (D:12)
  2 deep troll shamans
  3 death yaks (Shoals:3)
  3 deep troll earth magi (Depths:2)
  4 spriggan berserkers
  7 naga sharpshooters
  3 shock serpents
  A small abomination (Elf:3)
  A soul eater (Depths:3)
  2 titan zombies
  4 orc high priests
  2 large abominations (Elf:1)
  17 deep elf knights
  A sixfirhy (Depths:3)
  3 shadow wraiths
  A storm dragon skeleton (Crypt:2)
  20 skeletal warriors
  A quicksilver dragon simulacrum (Crypt:1)
  7 hell knights
  A salamander mystic (Volcano)
  20 sea snakes
  7 deep trolls
  3 iron trolls
  6 flayed ghosts
  A gelid demonspawn (Depths:2)
  5 unseen horrors
  2 naga ritualists
  A death drake (shapeshifter) (Depths:4)
  A ghost moth zombie (Crypt:1)
  4 glowing orange brains
  A golden dragon skeleton (Crypt:2)
  13 wizards
  10 deep elf archers
  10 necromancers
  Pikel (D:5)
  11 harpies
  A shadow dragon zombie (Crypt:1)
  10 ironbrand convokers
  4 wolf spiders
  3 oklob plants
  7 phantasmal warriors
  A mana viper (shapeshifter) (Vaults:3)
  An iron dragon zombie (Crypt:1)
  3 mana vipers
  21 ugly things
  43 deep elf magi
  11 orc knights
  7 cyclopes
  2 fire giant zombies
  A stone giant zombie (Crypt:1)
  An orb spider (shapeshifter) (Vaults:2)
  A shining eye (shapeshifter) (Vaults:5)
  6 orc sorcerers
  11 manticores
  10 fauns
  A sphinx skeleton (Crypt:1)
  A moth of wrath (shapeshifter) (Vaults:5)
  A manticore (shapeshifter) (Depths:1)
  The ghost of filfer the Unseen, a novice FeMo of Uskayaw (IceCv)
  A salamander (shapeshifter) (Vaults:3)
  10 vault sentinels
  5 guardian serpents
  A shock serpent zombie (Crypt:1)
  4 merfolk sirens
  A stone giant skeleton (Depths:1)
  4 water nymphs
  2 black mambas (shapeshifter)
  2 molten gargoyles
  6 centaur zombies
  7 naga magi
  Maurice (D:9)
  3 ice statues (IceCv)
  3 orange demons
  6 salamanders
  A spiny frog (shapeshifter) (Depths:2)
  2 gargoyles
  23 spiny frogs
  22 black mambas
  35 yaktaurs
  A komodo dragon (shapeshifter) (Vaults:2)
  4 komodo dragons
  A yaktaur (shapeshifter) (Vaults:5)
  A hydra zombie (Crypt:1)
  11 freezing wraiths
  A grey draconian skeleton (Crypt:2)
  A hellwing (Depths:2)
  A ghoul skeleton (Vaults:1)
  A rime drake (shapeshifter) (Vaults:2)
  A tengu conjurer (D:14)
  A harpy zombie (Crypt:3)
  13 merfolk
  9 trolls
  A queen bee (shapeshifter) (Vaults:1)
  2 hornets
  3 wind drakes
  5 dream sheep
  2 bog bodies
  A harpy skeleton (Crypt:1)
  44 slime creatures
  A meliai zombie (Crypt:2)
  2 dream sheep (shapeshifter)
  A raiju (shapeshifter) (Vaults:2)
  4 snapping turtles
  14 blink frogs
  12 hippogriffs
  2 ice dragon zombies
  An ettin zombie (Crypt:1)
  A fire dragon zombie (Depths:1)
  A hippogriff (shapeshifter) (Depths:2)
  3 flying skulls (Crypt:1)
  A guardian serpent skeleton (Crypt:1)
  An alligator skeleton (Crypt:1)
  2 redbacks (Vaults:4)
  24 yaks
  4 shadows
  A vampire (Crypt:2)
  5 air elementals
  An ice dragon skeleton (Depths:1)
  3 spriggans (Depths:5)
  2 tarantellas (shapeshifter) (Vaults:5)
  5 wyverns
  A fire elemental (Elf:3)
  2 fire bats (Volcano)
  4 basilisks
  13 wraiths
  25 water elementals
  2 humans
  Menkaure (D:4)
  3 hogs (D:7)
  4 vampire mosquitoes
  2 wargs
  A soldier ant (D:13)
  Edmund (D:5)
  3 acid dragons
  27 nagas
  12 water moccasins
  Duvessa (D:5)
  A torturous demonspawn skeleton (Crypt:3)
  A floating eye (Depths:5)
  7 porcupines
  17 ice beasts
  2 slaves (D:5)
  3 hell hounds (Elf:1)
  A black bear (D:11)
  49 orc warriors
  5 sky beasts
  An eye of draining (D:10)
  An eye of draining (shapeshifter) (Vaults:3)
  A manticore zombie (Crypt:1)
  3 necrophages (Crypt:1)
  A phantom (D:8)
  A hornet zombie (D:15)
  33 ogres
  7 wolves
  6 boggarts
  A rime drake zombie (Crypt:3)
  9 crocodiles
  An elephant skeleton (Crypt:2)
  2 snapping turtle skeletons (Crypt:1)
  24 centaurs
  A blink frog skeleton (Crypt:3)
  An orc skeleton (Vaults:3)
  11 big kobolds (Sewer)
  2 elf zombies (Elf:1)
  A komodo dragon zombie (Crypt:2)
  21 bullfrogs
  An elf simulacrum (Vaults:1)
  2 earth elementals
  Dowan (D:5)
  6 scorpions
  6 killer bees (D:7)
  3 wights (D:8)
  8 electric eels
  8 jellies
  3 howler monkeys
  4 lava snakes (Volcano)
  A spectral centaur (Crypt:2)
  A human simulacrum (Vaults:3)
  A wolf zombie (Crypt:2)
  2 bullfrog zombies
  2 quasits
  3 crimson imps
  27 orc priests
  12 hounds
  2 bullfrog skeletons (D:12)
  2 centaur skeletons
  A human zombie (Crypt:2)
  Jessica (D:3)
  4 iguanas
  13 worker ants
  17 orc wizards
  A hound skeleton (D:11)
  3 hound zombies
  A howler monkey zombie (D:7)
  A gnoll (Orc:2)
  Robin (D:2)
  15 adders
  2 river rats (Sewer)
  4 shadow imps
  6 oozes
  An adder skeleton (D:9)
  6 worms
  2 dart slugs
  6 leopard geckos
  An orc (shapeshifter) (Vaults:5)
  103 orcs
  9 bats
  4 giant cockroaches
  17 goblins
  9 hobgoblins
  15 jackals
  5 quokkas
  6 ball pythons
  A ball python zombie (Crypt:3)
  5 frilled lizards
  A jackal skeleton (Crypt:1)
  14 kobolds
  2 leopard gecko skeletons (D:4)
  A leopard gecko zombie (D:9)
  A quokka skeleton (D:5)
  8 rats
  A butterfly (Lair:6)
  A fungus (Elf:2)
  3 tentacles (Shoals:2)
1753 creatures vanquished.

Vanquished Creatures (collateral kills)
  the Royal Jelly (Slime:5)
  A juggernaut (Depths:2)
  Sojobo (Vaults:5)
  Saint Roka (Elf:3)
  2 golden dragons (Vaults:5)
  the Enchantress (Depths:5)
  2 tentacled monstrosities (Vaults:5)
  3 titans (Vaults:5)
  3 deep elf blademasters
  A lich (Vaults:5)
  2 deep elf master archers (Elf:3)
  Gastronok (Orc:1)
  9 acid blobs
  A sphinx (Depths:3)
  A storm dragon (Depths:5)
  8 nagarajas
  6 tengu reavers (Vaults:5)
  2 shadow dragons (Vaults:5)
  3 fire giants
  2 iron dragons (Vaults:5)
  A frost giant (Vaults:5)
  9 azure jellies
  6 deep elf sorcerers
  8 vault wardens
  An orc warlord (Orc:2)
  Louise (D:14)
  A very ugly thing (Vaults:5)
  6 ironheart preservers
  A war gargoyle (Vaults:5)
  4 stone giants
  A spriggan defender (Depths:5)
  An entropy weaver (Vaults:4)
  A vampire knight (Depths:4)
  Azrael (Elf:1)
  2 deep elf demonologists (Elf:3)
  2 spark wasps (Depths:2)
  3 deep elf annihilators
  A black draconian (Depths:5)
  2 deep elf death magi
  A red draconian (Depths:5)
  4 ettins (Vaults:5)
  3 merfolk impalers
  3 merfolk javelineers (Shoals:4)
  4 death oozes (Slime:5)
  4 deep elf high priests
  7 yaktaur captains
  3 fire dragons
  2 rakshasas
  3 great orbs of eyes (Slime:5)
  2 ice dragons (Depths:2)
  30 vault guards
  7 naga warriors
  A spriggan air mage (Depths:5)
  2 merfolk avatars
  A catoblepas (Lair:6)
  3 merfolk aquamancers (Shoals:4)
  An anaconda (shapeshifter) (Vaults:5)
  9 anacondas
  2 centaur warriors
  A satyr (Shoals:3)
  13 two-headed ogres
  15 dancing weapons
  A tengu warrior (Depths:5)
  2 death knights
  5 ogre magi
  2 deep troll shamans (Vaults:1)
  An orc high priest (Orc:2)
  4 naga sharpshooters (Snake:4)
  Nergalle (D:12)
  9 deep elf knights
  5 hell knights
  A shock serpent (Snake:3)
  A spriggan berserker (Depths:3)
  2 small abominations (Elf:3)
  5 skeletal warriors (Vaults:2)
  A death drake (shapeshifter) (Vaults:5)
  6 deep trolls
  6 wizards
  A flayed ghost (Depths:3)
  A lindwurm (Lair:5)
  6 ironbrand convokers
  9 deep elf archers
  A glowing orange brain (Vaults:4)
  A torturous demonspawn (Depths:3)
  2 naga ritualists
  4 phantasmal warriors
  12 sea snakes
  A harpy (Shoals:4)
  31 deep elf magi
  2 necromancers
  An oklob plant (Lair:1)
  10 orc knights
  2 mana vipers
  3 shining eyes
  5 ugly things
  A shining eye (shapeshifter) (Vaults:4)
  A wolf spider (Vaults:1)
  A faun (shapeshifter) (Vaults:5)
  2 orc sorcerers
  3 cyclopes
  6 fauns
  4 salamanders
  2 manticores
  13 black mambas
  3 guardian serpents
  2 merfolk sirens
  2 vault sentinels
  A stone giant zombie (Vaults:3)
  3 water nymphs
  9 naga magi
  A centaur skeleton (D:15)
  7 spiny frogs
  4 freezing wraiths
  4 komodo dragons
  11 yaktaurs
  17 merfolk
  A tengu conjurer (D:14)
  A polar bear (Lair:6)
  5 tyrant leeches (Lair:6)
  2 hornets
  7 dream sheep
  2 wind drakes
  17 slime creatures
  3 blink frogs (Lair:6)
  A raiju (shapeshifter) (Depths:2)
  A blink frog (shapeshifter) (Vaults:2)
  5 snapping turtles
  A human simulacrum (Vaults:3)
  16 water elementals
  3 hippogriffs
  3 wraiths
  A spriggan (Depths:4)
  2 redbacks
  An air elemental (Elf:3)
  2 fire elementals (Elf:3)
  A basilisk (D:11)
  3 yaks (Lair:6)
  6 vampire mosquitoes
  4 wargs
  17 nagas
  2 hell hounds (Elf:1)
  29 orc warriors
  A sky beast (D:15)
  A hornet zombie (D:14)
  An ice beast (Lair:2)
  25 ogres
  15 centaurs
  3 crocodiles
  A wolf (Lair:1)
  A human zombie (Vaults:3)
  6 bullfrogs
  A wyvern zombie (D:14)
  A yak zombie (D:11)
  3 electric eels
  2 howler monkeys (D:11)
  A crimson imp (D:13)
  10 orc priests
  7 orc wizards
  A worm (shapeshifter) (Vaults:4)
  A leopard gecko (D:15)
  42 orcs
  A bush (Lair:6)
  16 fungi
  33 plants
774 creatures vanquished.

Vanquished Creatures (others)
  5 profane servitors
  7 bone dragons
  2 deep elf sorcerers
  5 ghouls
  An ironheart preserver (Vaults:4)
  12 vampire knights
  4 merfolk javelineers
  A deep elf high priest (Vaults:5)
  A spectral orc (Vaults:4)
  A dancing weapon (Elf:2)
  2 centaur warriors
  A titan zombie (Vaults:5)
  A vampire mage (Depths:1)
  2 naga sharpshooters
  A storm dragon zombie (Vaults:5)
  8 skeletal warriors
  A spectral minotaur (Orc:2)
  3 anaconda zombies
  A shadow wraith (Vaults:1)
  12 flayed ghosts
  A wizard (Depths:3)
  2 tengu zombies (Vaults:5)
  10 phantasmal warriors
  2 shadow dragon zombies (Vaults:5)
  A deep elf archer (Vaults:3)
  A frost giant zombie (Vaults:4)
  An ugly thing zombie (Vaults:2)
  An iron dragon zombie (Vaults:5)
  2 cyclopes (Vaults:1)
  A faun (Shoals:3)
  A manticore (Shoals:3)
  2 spriggan zombies (Depths:5)
  A shock serpent zombie (Snake:4)
  9 yaktaurs
  A redback zombie (Vaults:4)
  3 ghoul skeletons
  A sea snake zombie (Snake:4)
  6 harpy zombies
  A human skeleton (Vaults:5)
  A satyr zombie (Shoals:3)
  3 ettin zombies (Vaults:5)
  4 black mamba zombies
  An ice dragon zombie (Vaults:4)
  10 flying skulls
  2 wraiths
  13 vampires
  2 hogs (Shoals:3)
  2 humans (Shoals:3)
  3 elf zombies (Vaults:1)
  2 faun zombies (Shoals:3)
  3 deep troll zombies
  9 two-headed ogre zombies
  2 elf skeletons (Vaults:5)
  2 spiny frog zombies (Lair:6)
  A slave (D:5)
  2 merfolk zombies
  A blink frog zombie (Lair:6)
  An ogre (Vaults:1)
  3 centaurs
  A manticore zombie (Shoals:3)
  A dream sheep zombie (Lair:6)
  2 vampire mosquito zombies (Lair:6)
  2 hog zombies (Shoals:3)
  13 yaktaur zombies
  2 salamander zombies (Snake:4)
  A warg zombie (Elf:3)
  A water moccasin zombie (Lair:6)
  A polar bear zombie (Lair:6)
  5 yak zombies
  A howler monkey (D:11)
  3 wights
  4 bullfrog zombies (Lair:6)
  5 centaur zombies
  A hound (D:8)
  22 human zombies
  13 naga zombies
  18 ogre zombies
  An ogre skeleton (Vaults:3)
  A mummy (IceCv)
  A howler monkey zombie (D:11)
  39 orc zombies
  9 orc skeletons
  19 plants
  8 tentacles (Shoals:2)
  A withered plant (Shoals:3)
360 creatures vanquished.

Grand Total: 2887 creatures vanquished

Notes
Turn   | Place    | Note
-------+----------+-------------------------------------------
     0 | D:1      | frogmouthbird the Minotaur Gladiator began the quest for the Orb.
     0 | D:1      | Reached XP level 1. HP: 18/18 MP: 0/0
   167 | D:1      | Reached XP level 2. HP: 23/25 MP: 1/1
   300 | D:1      | Reached skill level 5 in Long Blades
   450 | D:1      | Reached XP level 3. HP: 25/30 MP: 2/2
   794 | D:2      | Found a stormy altar of Qazlal.
   824 | D:2      | Found a sparkling altar of Nemelex Xobeh.
   867 | D:2      | Noticed Robin
   867 | D:2      | Found a shattered altar of Ashenzari.
   877 | D:2      | Reached XP level 4. HP: 9/37 MP: 3/3
   888 | D:2      | Killed Robin
  1446 | D:3      | Noticed Jessica
  1453 | D:3      | Killed Jessica
  1453 | D:3      | Reached XP level 5. HP: 42/42 MP: 4/4
  1768 | D:3      | Noticed a green death
  1769 | D:3      | Found a burning altar of Makhleb.
  1772 | D:3      | Found a glowing silver altar of Zin.
  1772 | D:3      | Noticed an angel
  1854 | D:3      | Noticed a sky beast
  1862 | D:3      | Killed a sky beast
  1862 | D:3      | Reached XP level 6. HP: 43/50 MP: 5/5
  1916 | D:3      | Found a glowing drain.
  1927 | Sewer    | Entered a sewer
  2164 | Sewer    | Reached XP level 7. HP: 54/56 MP: 6/6
  2182 | Sewer    | Reached skill level 10 in Long Blades
  2415 | Sewer    | Reached XP level 8. HP: 60/62 MP: 7/7
  2673 | D:3      | Found a basalt altar of Yredelemnul.
  2676 | D:3      | Found a blossoming altar of Fedhas.
  2679 | D:3      | Found an ancient bone altar of Kikubaaqudgha.
  2763 | D:3      | Became a worshipper of Yredelemnul the Dark
  2989 | D:4      | Noticed Menkaure
  2992 | D:4      | Killed Menkaure
  2992 | D:4      | Reached skill level 1 in Invocations
  3132 | D:4      | Found a staircase to the Ecumenical Temple.
  3321 | D:4      | Found a sacrificial altar of Ru.
  3321 | D:4      | Found a hide-covered altar of Uskayaw.
  3383 | D:5      | Entered Level 5 of the Dungeon
  3413 | D:5      | Found a stormy altar of Qazlal.
  3461 | D:5      | Found a radiant altar of Vehumet.
  3759 | D:5      | Noticed Duvessa
  3759 | D:5      | Noticed Dowan
  3761 | D:5      | Noticed Pikel
  3763 | D:5      | Noticed Edmund
  3783 | D:5      | Killed Duvessa
  3790 | D:5      | Killed Pikel
  3790 | D:5      | Reached XP level 9. HP: 46/68 MP: 10/10
  3797 | D:5      | Killed Edmund
  3801 | D:5      | Killed Dowan
  3891 | D:5      | Reached * piety under Yredelemnul
  4105 | D:6      | Noticed a two-headed ogre
  4117 | D:6      | Killed a two-headed ogre
  4117 | D:6      | Reached skill level 5 in Invocations
  4259 | D:6      | Reached skill level 1 in Armour
  4512 | D:6      | Found a snail-covered altar of Cheibriados.
  4659 | D:6      | Reached ** piety under Yredelemnul
  4661 | D:6      | Found an ornate altar of the Wu Jian Council.
  4817 | D:7      | Reached XP level 10. HP: 75/78 MP: 13/13
  4833 | D:7      | Found Wasokhus's Book Shop.
  5493 | D:7      | Reached skill level 5 in Fighting
  5493 | D:7      | Reached skill level 5 in Dodging
  5727 | D:7      | Reached *** piety under Yredelemnul
  5820 | D:8      | Reached skill level 5 in Armour
  5885 | D:8      | Found a deep blue altar of Sif Muna.
  5939 | D:8      | HP: 2/83 [electric eel/bolt of electricity (10)]
  5942 | D:8      | Found a staircase to the Lair.
  6232 | D:8      | Killed an unseen horror
  6731 | D:8      | Reached XP level 11. HP: 91/91 MP: 15/15
  7050 | D:8      | Found an iron altar of Okawaru.
  7299 | D:8      | Reached **** piety under Yredelemnul
  7353 | D:9      | Noticed Erica
  7370 | D:9      | Killed Erica
  7604 | D:9      | Noticed Maurice
  7610 | D:9      | Killed Maurice
  7944 | D:9      | Noticed a vampire mage
  7960 | D:9      | Noticed a phantasmal warrior
  7965 | D:9      | Gained mutation: You are resistant to hostile enchantments. (MR+) [potion of mutation]
  7965 | D:9      | Gained mutation: You are highly resistant to hostile enchantments. (MR++) [potion of mutation]
  7965 | D:9      | Gained mutation: You have a beak for a mouth. [potion of mutation]
  7971 | D:9      | Killed a vampire mage
  8347 | D:10     | Entered Level 10 of the Dungeon
  8356 | D:10     | Found Obielafa's Changing Room.
  8366 | D:10     | Bought a potion of lignification for 36 gold pieces
  8420 | D:10     | Found Xoboc's Jewellery Boutique.
  8427 | D:10     | Bought a cursed ring of loudness for 58 gold pieces
  8655 | Lair:1   | Entered Level 1 of the Lair of Beasts
  8655 | Lair:1   | Noticed an oklob plant
  8672 | Lair:1   | Noticed an oklob plant
  9084 | Lair:1   | Received a gift from Yredelemnul (5 flying skulls)
  9232 | Lair:1   | Killed an oklob plant
  9360 | Lair:1   | Killed an oklob plant
  9620 | Lair:1   | Noticed a five-headed hydra
  9624 | Lair:1   | Killed a five-headed hydra
  9637 | Lair:1   | Received a gift from Yredelemnul (a wight)
  9799 | Lair:1   | Noticed an oklob plant
  9983 | Lair:2   | Found a frozen archway.
 10029 | IceCv    | Entered an ice cave
 10045 | IceCv    | Reached XP level 12. HP: 64/105 MP: 17/17
 10059 | IceCv    | Noticed filfer's ghost (novice FeMo)
 10063 | IceCv    | Noticed Kurtz's ghost (journeyman TrCK)
 10066 | IceCv    | Killed filfer's ghost
 10066 | IceCv    | Reached ***** piety under Yredelemnul
 10068 | IceCv    | Reached XP level 13. HP: 71/122 MP: 18/18
 10077 | IceCv    | Killed Kurtz's ghost
 10077 | IceCv    | Received a gift from Yredelemnul (a mummy)
 11429 | IceCv    | Reached skill level 10 in Armour
 11478 | IceCv    | Got jasper-encrusted ice dragon scales
 11479 | IceCv    | Identified the +4 ice dragon scales of the Boiling Point {rPois rF- rC++ MR+} (You found it in an ice cave)
 11717 | Lair:2   | Received a gift from Yredelemnul (a wight)
 11745 | Lair:2   | Found a staircase to the Snake Pit.
 11840 | D:10     | Bought an uncursed ring of protection from fire for 325 gold pieces
 11867 | D:10     | Reached skill level 10 in Dodging
 11981 | D:10     | Found a shimmering altar of Xom.
 12019 | D:10     | Received a gift from Yredelemnul (a wight)
 12329 | D:11     | Found a labyrinth entrance.
 12343 | Lab      | Entered a labyrinth
 12560 | Lab      | Noticed a minotaur
 12567 | Lab      | Killed a minotaur
 12567 | Lab      | Enslaved a minotaur
 12747 | D:11     | Received a gift from Yredelemnul (5 flying skulls)
 13404 | D:11     | Identified Bekongism's Compendium of Axaxaxas mlö
 13575 | D:11     | Identified the Tome of Plaster Cramp
 13582 | D:11     | Identified Sif Muna's Compendium of Combed Thunderclap
 13591 | D:11     | Learned a level 6 spell: Deflect Missiles
 13773 | D:11     | Found a staircase to the Orcish Mines.
 13782 | Orc:1    | Entered Level 1 of the Orcish Mines
 13783 | Orc:1    | Found Uggy's Magic Scroll Shop.
 13801 | Orc:1    | Bought a scroll of blinking for 105 gold pieces
 13801 | Orc:1    | Bought a scroll of teleportation for 42 gold pieces
 13801 | Orc:1    | Bought a scroll of teleportation for 42 gold pieces
 13801 | Orc:1    | Bought a scroll of teleportation for 42 gold pieces
 13801 | Orc:1    | Bought 3 scrolls of identify for 84 gold pieces
 13801 | Orc:1    | Bought a scroll of identify for 28 gold pieces
 13801 | Orc:1    | Bought a scroll of identify for 28 gold pieces
 13820 | Orc:1    | Found Wafuf's Weapon Shoppe.
 13957 | Orc:1    | Found Tihahuuf's Magic Scroll Boutique.
 13967 | Orc:1    | Found Kihif's Magic Scroll Boutique.
 13985 | Orc:1    | Bought a scroll of torment for 112 gold pieces
 14055 | Orc:1    | Received a gift from Yredelemnul (a vampire)
 14067 | Orc:2    | Entered Level 2 of the Orcish Mines
 14092 | Orc:2    | Received a gift from Yredelemnul (a vampire)
 14107 | Orc:1    | Noticed an ettin
 14107 | Orc:1    | Found a dark tunnel.
 14116 | Volcano  | Entered a volcano
 14197 | Volcano  | Received a gift from Yredelemnul (a skeletal warrior)
 14416 | Volcano  | Found a radiant altar of Vehumet.
 14681 | Orc:1    | Killed an ettin
 14730 | Orc:1    | Noticed Gastronok
 14742 | Orc:1    | Killed Gastronok
 14852 | Orc:2    | Reached XP level 14. HP: 112/129 MP: 19/19
 14858 | Orc:2    | Received a gift from Yredelemnul (a vampire)
 14996 | Orc:2    | Received a gift from Yredelemnul (a phantasmal warrior)
 15124 | Orc:2    | Found a staircase to the Elven Halls.
 15144 | Orc:2    | Reached ****** piety under Yredelemnul
 15290 | Orc:2    | Noticed an orc warlord
 15296 | Orc:2    | Killed an orc warlord
 15482 | Orc:2    | Found a roughly hewn altar of Beogh.
 15512 | Orc:2    | Received a gift from Yredelemnul (a wraith)
 15513 | Orc:2    | Reached skill level 5 in Shields
 15558 | Orc:2    | Found Soninn's Assorted Antiques.
 15574 | Orc:2    | Found Xuugg's Book Shoppe.
 15992 | Orc:2    | Received a gift from Yredelemnul (a vampire knight)
 16001 | Orc:2    | Killed an orc warlord
 16007 | Orc:2    | Received a gift from Yredelemnul (a wraith)
 16108 | Orc:2    | Found a roughly hewn altar of Beogh.
 16109 | Orc:2    | Noticed an orc warlord
 16112 | Orc:2    | Received a gift from Yredelemnul (a vampire)
 16120 | Orc:2    | Killed an orc warlord
 16183 | Orc:2    | Found Bikhlin's Antique Armour Shoppe.
 16222 | Orc:2    | Found Taorheq's Food Shop.
 16230 | Orc:2    | Received a gift from Yredelemnul (a flayed ghost)
 16457 | D:12     | Got a shimmering cloak
 16468 | D:12     | Identified the +1 cloak of Integrity {rF+ rC+ Str+6 Dex-4} (You found it on level 12 of the Dungeon)
 16547 | D:12     | Reached skill level 10 in Invocations
 16589 | D:12     | Received a gift from Yredelemnul (a vampire knight)
 16685 | D:12     | Received a gift from Yredelemnul (a vampire knight)
 16693 | D:12     | Noticed Nergalle
 16708 | D:12     | Killed Nergalle
 17690 | D:13     | Found Pyahos's Antique Armour Boutique.
 17696 | D:13     | Bought a dazzling buckler for 256 gold pieces
 17696 | D:13     | Identified the cursed +0 buckler of Ytuvaesof {+Inv +Fly MR+ SInv} (You bought it in a shop on level 13 of the Dungeon)
 17832 | D:14     | Noticed Louise
 17841 | D:14     | Killed Louise
 17977 | D:14     | Received a gift from Yredelemnul (a vampire)
 18109 | D:14     | Reached XP level 15. HP: 133/136 MP: 23/23
 18160 | D:14     | Noticed Josephine
 18172 | D:14     | Killed Josephine
 18341 | D:14     | Received a gift from Yredelemnul (a phantasmal warrior)
 18423 | D:14     | Found a gate to the Vaults.
 18727 | D:15     | Entered Level 15 of the Dungeon
 19044 | D:15     | Found a staircase to the Depths.
 19054 | D:15     | Received a gift from Yredelemnul (a flayed ghost)
 19772 | Lair:3   | Noticed Treemains's ghost (journeyman HaSk)
 19807 | Lair:3   | Killed Treemains's ghost
 19918 | Lair:3   | Found a staircase to the Shoals.
 20145 | Lair:3   | You fall through a shaft!
 20583 | Lair:4   | Noticed Nessos
 20598 | Lair:4   | Killed Nessos
 21149 | Lair:5   | Received a gift from Yredelemnul (a vampire)
 22006 | Lair:6   | Entered Level 6 of the Lair of Beasts
 22041 | Lair:6   | Received a gift from Yredelemnul (a flayed ghost)
 22055 | Lair:6   | Received a gift from Yredelemnul (a phantasmal warrior)
 22108 | Lair:6   | Received a gift from Yredelemnul (a bone dragon)
 22306 | Lair:6   | Received a gift from Yredelemnul (a vampire knight)
 22352 | Lair:6   | Reached XP level 16. HP: 98/147 MP: 25/25
 22491 | Lair:6   | Received a gift from Yredelemnul (a phantasmal warrior)
 22646 | Lair:6   | Found a burning altar of Makhleb.
 22665 | Lair:6   | Reached skill level 15 in Fighting
 22801 | Lair:6   | Got a crude marble ring
 22802 | Lair:6   | Identified the ring "Enoallie" {rPois Str+2 Int+3 Dex-3} (You found it on level 6 of the Lair of Beasts)
 22807 | Lair:6   | Got a pair of dazzling gloves
 22808 | Lair:6   | Identified the +0 pair of gloves of Xaden {*Slow MR+++ SInv} (You found it on level 6 of the Lair of Beasts)
 23098 | Elf:1    | Entered Level 1 of the Elven Halls
 23106 | Elf:1    | Noticed Nikola
 23120 | Elf:1    | Killed Nikola
 23126 | Elf:1    | Noticed Frances
 23515 | Elf:1    | Received a gift from Yredelemnul (a skeletal warrior)
 23524 | Elf:1    | Killed Frances
 23697 | Elf:1    | Reached skill level 15 in Armour
 23698 | Elf:1    | Received a gift from Yredelemnul (a profane servitor)
 23699 | Elf:1    | Found an ancient bone altar of Kikubaaqudgha.
 23824 | Elf:1    | Identified the Catalogue of Evil Arts
 23918 | Elf:1    | Noticed Azrael
 23940 | Elf:1    | Received a gift from Yredelemnul (a flayed ghost)
 23945 | Elf:1    | Killed Azrael
 24731 | Elf:2    | Received a gift from Yredelemnul (a flayed ghost)
 24855 | Elf:2    | Received a gift from Yredelemnul (a vampire knight)
 24897 | Elf:2    | Found a runed gate.
 24897 | Elf:2    | Found a runed gate.
 24899 | Elf:2    | Found a runed gate.
 24940 | Elf:3    | Entered Level 3 of the Elven Halls
 25101 | Elf:3    | Reached skill level 15 in Dodging
 25144 | Elf:3    | Noticed Saint Roka
 25167 | Elf:3    | Killed Saint Roka
 25168 | Elf:3    | Received a gift from Yredelemnul (a bone dragon)
 25620 | Elf:3    | Noticed a deep elf blademaster
 25627 | Elf:3    | Noticed an Ice Fiend
 25628 | Elf:3    | Noticed a deep elf blademaster
 25633 | Elf:3    | Killed a deep elf blademaster
 25639 | Elf:3    | Killed a deep elf blademaster
 25651 | Elf:3    | Your ally Saint Roka died
 25685 | Elf:3    | Reached XP level 17. HP: 57/160 MP: 9/26
 25692 | Elf:3    | Received a gift from Yredelemnul (a bone dragon)
 25720 | Elf:3    | Killed a ghostly deep elf blademaster
 25746 | Elf:2    | Noticed a deep elf blademaster
 26132 | Elf:3    | Received a gift from Yredelemnul (a skeletal warrior)
 26185 | Elf:3    | Noticed a deep elf master archer
 26193 | Elf:3    | Noticed a Brimstone Fiend
 26196 | Elf:3    | Killed a deep elf master archer
 26199 | Elf:3    | Received a gift from Yredelemnul (a flayed ghost)
 26578 | Elf:3    | Noticed a deep elf master archer
 26591 | Elf:3    | Killed a deep elf master archer
 26673 | Elf:3    | Got a twitching zirconium amulet
 26750 | Elf:3    | Identified the amulet of the Enemy {+Rage Str+5} (You took it off a deep elf annihilator on level 3 of the Elven Halls)
 26810 | Elf:3    | Received a gift from Yredelemnul (a skeletal warrior)
 27364 | Elf:2    | Received a gift from Yredelemnul (a bone dragon)
 27463 | Elf:2    | Killed a deep elf blademaster
 28058 | Snake:1  | Entered Level 1 of the Snake Pit
 28205 | Snake:1  | Received a gift from Yredelemnul (a vampire)
 28624 | Snake:1  | Found Jus Xioj's Gadget Shoppe.
 28626 | Snake:1  | Found Ocow's Jewellery Shop.
 28627 | Snake:1  | Found Zaggucs's Gadget Shoppe.
 28644 | Snake:1  | Found Xoes Gull's Armour Shoppe.
 28997 | Snake:2  | Received a gift from Yredelemnul (a vampire knight)
 29330 | Snake:2  | Reached XP level 18. HP: 170/170 MP: 27/27
 29331 | Snake:2  | Received a gift from Yredelemnul (a flayed ghost)
 29592 | Snake:3  | Noticed Aizul
 29606 | Snake:3  | Killed Aizul
 30069 | Snake:4  | Entered Level 4 of the Snake Pit
 30258 | Snake:4  | Received a gift from Yredelemnul (a ghoul)
 30389 | Snake:4  | Received a gift from Yredelemnul (a skeletal warrior)
 30630 | Snake:4  | Reached skill level 10 in Shields
 30667 | Snake:4  | Received a gift from Yredelemnul (a vampire knight)
 30850 | Snake:4  | Got a serpentine rune of Zot
 31067 | Shoals:1 | Entered Level 1 of the Shoals
 31357 | Shoals:1 | Reached XP level 19. HP: 175/182 MP: 28/28
 31777 | Shoals:2 | Received a gift from Yredelemnul (a phantasmal warrior)
 32698 | Shoals:3 | Noticed Kirke
 32706 | Shoals:3 | Killed Kirke
 32743 | Shoals:3 | Noticed Polyphemus
 32831 | Shoals:3 | Killed Polyphemus
 33165 | Shoals:3 | Noticed Jorgrun
 33176 | Shoals:3 | Killed Jorgrun
 33517 | Shoals:4 | Entered Level 4 of the Shoals
 33519 | Shoals:4 | Noticed Ilsuiw
 33565 | Shoals:4 | Killed Ilsuiw
 33833 | Shoals:4 | Received a gift from Yredelemnul (a flayed ghost)
 33897 | Shoals:4 | Reached skill level 15 in Shields
 33951 | Shoals:4 | Received a gift from Yredelemnul (a phantasmal warrior)
 34511 | Shoals:4 | Got a barnacled rune of Zot
 34563 | Shoals:4 | Reached skill level 5 in Throwing
 34563 | Shoals:4 | Received a gift from Yredelemnul (a skeletal warrior)
 34967 | Lair:5   | Found a staircase to the Slime Pits.
 35259 | Slime:1  | Entered Level 1 of the Pits of Slime
 35862 | Slime:4  | Gained mutation: You are dopey. (Int -2) [a shining eye]
 35867 | Slime:4  | Received a gift from Yredelemnul (a vampire knight)
 35880 | Slime:4  | Reached XP level 20. HP: 173/191 MP: 29/29
 35948 | Slime:5  | Entered Level 5 of the Pits of Slime
 36281 | Slime:5  | Noticed the Royal Jelly
 36318 | Slime:5  | Found a viscous altar of Jiyva.
 36369 | Slime:5  | Killed the Royal Jelly
 36369 | Slime:5  | Reached skill level 10 in Throwing
 36378 | Slime:5  | Received a gift from Yredelemnul (a phantasmal warrior)
 36448 | Slime:5  | Learned a level 1 spell: Apportation
 36460 | Slime:5  | Got a wavering steel ring
 36475 | Slime:5  | Identified the Almanac of Poison and the Frostbite
 36506 | Slime:5  | Identified the +1 great sword of the Iron City of Dis {slice, MR+ Str-5 Int+4} (You found it on level 5 of the Pits of Slime)
 36507 | Slime:5  | Identified the ring "Gukk" {rElec Str+2 Int+6} (You found it on level 5 of the Pits of Slime)
 36529 | Slime:5  | Got a slimy rune of Zot
 36843 | Vaults:1 | Entered Level 1 of the Vaults
 36888 | Vaults:1 | Received a gift from Yredelemnul (a ghoul)
 37024 | Vaults:1 | Received a gift from Yredelemnul (a flayed ghost)
 37502 | Vaults:1 | Received a gift from Yredelemnul (a profane servitor)
 37599 | Vaults:1 | Received a gift from Yredelemnul (a phantasmal warrior)
 37952 | Vaults:1 | Received a gift from Yredelemnul (a vampire knight)
 38456 | Vaults:2 | Received a gift from Yredelemnul (a ghoul)
 38540 | Vaults:2 | Received a gift from Yredelemnul (a bone dragon)
 38737 | Vaults:2 | Reached XP level 21. HP: 198/198 MP: 30/30
 38804 | Vaults:2 | Received a gift from Yredelemnul (a phantasmal warrior)
 38941 | Vaults:2 | Received a gift from Yredelemnul (a vampire)
 38950 | Vaults:2 | Reached skill level 15 in Throwing
 39036 | Vaults:2 | Received a gift from Yredelemnul (a vampire)
 39529 | Vaults:3 | Received a gift from Yredelemnul (a vampire knight)
 39834 | Vaults:3 | Received a gift from Yredelemnul (a skeletal warrior)
 40307 | Vaults:3 | Found a staircase to the Crypt.
 40411 | Vaults:3 | Found a sacrificial altar of Ru.
 40479 | Vaults:3 | Received a gift from Yredelemnul (a vampire)
 40842 | Vaults:4 | Received a gift from Yredelemnul (a ghoul)
 41122 | Vaults:4 | Received a gift from Yredelemnul (a phantasmal warrior)
 41162 | Vaults:4 | Received a gift from Yredelemnul (a bone dragon)
 41162 | Vaults:4 | Received a gift from Yredelemnul (a bone dragon)
 41484 | Vaults:4 | Received a gift from Yredelemnul (a ghoul)
 41627 | Vaults:4 | Noticed Bai Suzhen
 41663 | Vaults:4 | Reached XP level 22. HP: 178/206 MP: 31/31
 41681 | Vaults:4 | Killed Bai Suzhen
 42122 | Vaults:4 | Found Nagedeho's Magic Scroll Boutique.
 42130 | Vaults:4 | Bought a scroll of identify for 26 gold pieces
 42130 | Vaults:4 | Bought a scroll of identify for 26 gold pieces
 42130 | Vaults:4 | Bought a scroll of identify for 26 gold pieces
 42130 | Vaults:4 | Bought 2 scrolls of teleportation for 78 gold pieces
 42130 | Vaults:4 | Bought a scroll of fear for 45 gold pieces
 42130 | Vaults:4 | Bought a scroll of recharging for 123 gold pieces
 42211 | Vaults:5 | Entered Level 5 of the Vaults
 42216 | Vaults:5 | Noticed an ancient lich
 42216 | Vaults:5 | Noticed a golden dragon
 42311 | Vaults:5 | Received a gift from Yredelemnul (a vampire knight)
 42336 | Vaults:5 | Received a gift from Yredelemnul (a profane servitor)
 42352 | Vaults:5 | Got a silver rune of Zot
 42428 | Vaults:5 | Found Zaxzicru's Antique Weapon Shoppe.
 42441 | Vaults:5 | Found Jacsouna's Distillery.
 42446 | Vaults:5 | Bought a potion of heal wounds for 75 gold pieces
 42508 | Vaults:5 | Received a gift from Yredelemnul (a flayed ghost)
 42534 | Vaults:5 | Killed a golden dragon
 42549 | Vaults:5 | Noticed a golden dragon
 42560 | Vaults:5 | Killed a golden dragon
 42573 | Vaults:5 | Found Adiguick's Jewellery Shoppe.
 42576 | Vaults:5 | Received a gift from Yredelemnul (a flayed ghost)
 42592 | Vaults:5 | Found Echyngir's Antique Armour Shop.
 42598 | Vaults:5 | Bought a pair of runed boots for 367 gold pieces
 42598 | Vaults:5 | Identified a +1 pair of boots of running (You bought it in a shop on level 5 of the Vaults)
 42647 | Vaults:5 | Noticed Sojobo
 42660 | Vaults:5 | Killed Sojobo
 42778 | Vaults:5 | Noticed Frederick
 42789 | Vaults:5 | Killed Frederick
 42953 | Vaults:5 | Reached skill level 15 in Long Blades
 43222 | Vaults:5 | Noticed Mara
 43226 | Vaults:5 | Received a gift from Yredelemnul (a flayed ghost)
 43233 | Vaults:5 | Noticed frogmouthbird's illusion
 43253 | Vaults:5 | Killed Mara
 43299 | Vaults:5 | Killed an ancient lich
 43299 | Vaults:5 | Reached XP level 23. HP: 95/216 MP: 32/32
 43584 | Vaults:5 | Identified the +7 chain mail of Hairiness {rPois MR- Int+7 Stlth-} (You took it off a vault warden on level 5 of the Vaults)
 44349 | Depths:1 | Entered Level 1 of the Depths
 44411 | Depths:1 | Received a gift from Yredelemnul (a ghoul)
 44494 | Depths:1 | Found a gateway to Hell.
 44529 | Depths:1 | Found Goxzutug's Book Shoppe.
 44555 | Depths:1 | Found a radiant altar of Vehumet.
 44557 | Depths:1 | Found a sparkling altar of Nemelex Xobeh.
 44557 | Depths:1 | Found a shimmering altar of Xom.
 44559 | Depths:1 | Found a stormy altar of Qazlal.
 44559 | Depths:1 | Found an opulent altar of Gozag.
 44559 | Depths:1 | Found an opulent altar of Gozag.
 44997 | Depths:1 | Received a gift from Yredelemnul (a vampire)
 45053 | Depths:2 | Noticed a juggernaut
 45064 | Depths:2 | Killed a juggernaut
 45068 | Depths:2 | Noticed a juggernaut
 45078 | Depths:2 | Killed a juggernaut
 45209 | Depths:2 | Reached skill level 15 in Invocations
 45250 | Depths:2 | Found a gateway to a ziggurat.
 45350 | Depths:2 | Found a one-way gate leading to the halls of Pandemonium.
 45436 | Depths:2 | Received a gift from Yredelemnul (a profane servitor)
 45643 | Depths:2 | Received a gift from Yredelemnul (a bone dragon)
 46012 | Depths:2 | Found Jiduufirig's Antique Armour Boutique.
 46017 | Depths:2 | Bought a pair of transparent boots for 351 gold pieces
 46017 | Depths:2 | Identified the cursed +0 pair of boots "Gipyss" {Int+3} (You bought it in a shop on level 2 of the Depths)
 46159 | Depths:3 | Received a gift from Yredelemnul (a vampire)
 46421 | Depths:3 | Received a gift from Yredelemnul (a vampire)
 46489 | Depths:3 | Received a gift from Yredelemnul (a profane servitor)
 46492 | Depths:3 | Reached XP level 24. HP: 217/224 MP: 33/33
 47085 | Depths:4 | Received a gift from Yredelemnul (a vampire)
 47246 | Depths:4 | Received a gift from Yredelemnul (a vampire knight)
 47523 | Depths:4 | Found a one-way gate to the infinite horrors of the Abyss.
 47833 | Depths:5 | Entered Level 5 of the Depths
 47833 | Depths:5 | Noticed the Enchantress
 47860 | Depths:5 | Received a gift from Yredelemnul (a skeletal warrior)
 47865 | Depths:5 | Killed the Enchantress
 47961 | Depths:5 | Found a gate to the Realm of Zot.
 47968 | Depths:5 | Received a gift from Yredelemnul (a bone dragon)
 48018 | Depths:5 | Paralysed by a floating eye for 4 turns
 48179 | Depths:5 | Received a gift from Yredelemnul (a bone dragon)
 48903 | Temple   | Entered the Ecumenical Temple
 48916 | Temple   | Fell from the grace of Yredelemnul
 48916 | Temple   | Became a worshipper of the Shining One
 49316 | Crypt:1  | Entered Level 1 of the Crypt
 49331 | Crypt:1  | Noticed Mennas
 49367 | Crypt:1  | Killed Mennas
 49402 | Crypt:1  | Reached * piety under the Shining One
 49892 | Crypt:1  | Reached ** piety under the Shining One
 50147 | Crypt:1  | Reached *** piety under the Shining One
 50204 | Crypt:1  | Reached **** piety under the Shining One
 50472 | Crypt:2  | Reached ***** piety under the Shining One
 50727 | Crypt:2  | Reached XP level 25. HP: 233/233 MP: 34/34
 50777 | Crypt:2  | Reached ****** piety under the Shining One
 50843 | Crypt:2  | Identified the Papyrus of Necromancy
 51138 | Crypt:3  | Entered Level 3 of the Crypt
 51369 | Crypt:3  | Killed from afar by a lich

Vault maps used:
D:1:      lemuel_arrival_behind_the_door_large
D:2:      marbit_many_paths, nicolae_overflow_hidden_temple, first_bread,
          ashenzari_altar_1, uniq_robin
D:3:      grunt_temple_overflow_order_and_chaos_2,
          grunt_temple_overflow_diamond, portal_sewer_entry_d, uniq_jessica
D:4:      minitemple, lemuel_temple_firewalk_b, uniq_menkaure
D:5:      nicolae_overflow_crystal_walls, minmay_misc_feat_room,
          grunt_qazlal_clouds, uniq_pikel, uniq_edmund, uniq_duvessa
D:6:      cheibrodos_iron_armory, cheibriados_altar_1, minmay_ruined_shrine
D:7:      serial_shops, nicolae_shop_waterfront, grunt_livestock,
          minmay_misc_feat_more_columns
D:8:      led_sif_book, kennysheep_mini_moat, erik_lair_island
D:9:      minmay_holes, minmay_misc_feat_chi, minmay_librarian, uniq_maurice,
          uniq_erica
D:10:     serial_shops, shop, basic_altar, minivault_1,
          nicolae_transmutations_shop
D:11:     erik_orc_2, lab_entry_generic, bh_hangedman_babel_library
D:12:     uniq_nergalle
D:13:     serial_shops, shop
D:14:     grunt_vaults_entry_fortified, minmay_misc_feat_roman,
          bh_walls_and_bars, uniq_josephine, uniq_louise
D:15:     grunt_enter_depths_magical_seal, hangedman_glass_teeth
Temple:   corrupted_temple
Lair:1:   st_stairs_9, grunt_forest_small_clearings, minmay_lair_oklob_bushes,
          minivault_19, dpeg_stationary_puzzle
Lair:2:   minmay_snake_entry_guardpost_medium, portal_ice_cave_entry_ice_beasts
Lair:3:   minmay_shoals_entry_beasts, grunt_megastairs_2
Lair:4:   grunt_megastairs_4, lemuel_fruit_tree, uniq_nessos
Lair:5:   wad_woods_structure_01, minmay_slime_entry_oklob_enclosed
Lair:6:   minmay_lair_end_frog_pond, basic_altar, nicolae_quartered_pool_little,
          lemuel_fruit_fields
Shoals:3: argonaut_gorgonesque, uniq_polyphemus, uniq_kirke, uniq_jorgrun
Shoals:4: shoals_end_hangedman, shoals_ilsuiw_alternative
Snake:1:  serial_shops, nicolae_shop_behind_doors, minmay_shop_grove
Snake:2:  st_stairs_12, basic_stair_grate_trap
Snake:3:  nicolae_snake_springs, uniq_aizul
Snake:4:  grunt_snake_rune_pools
Slime:4:  nicolae_slime_barrier
Orc:1:    serial_shops, shop, nicolae_shop_waterfront, nicolae_shop_trees,
          nicolae_shop_stone, nicolae_shop_statue_plus,
          nicolae_volcano_entry_lava_flow, uniq_gastronok
Orc:2:    pubby_orc_utopia, serial_shops
Elf:1:    eino_elf_arrival_the_gate, minmay_elf_necromancy, lemuel_statue_altar,
          uniq_nikola, uniq_frances, uniq_azrael
Elf:3:    minmay_elf_hall_quartered_circle, nrook_mini_backslash,
          minmay_strange_pillars, uniq_saint_roka
Vaults:1: vaults_room_ringed_pool, vaults_dpeg_diagonal, ontoclasm_vaults_eye,
          nicolae_vaults_network_s, nicolae_vaults_little_squares_4,
          nicolae_vaults_rhombus_6, vaults_room_door_hall,
          hangedman_vaults_stagger
Vaults:2: nicolae_vaults_windows_and_doors_thing, hangedman_vaults_capsules,
          ontoclasm_vaults_ring_square, vaults_mumra_hexcomb,
          nicolae_vaults_what_the_h, v_misc_9, hangedman_vaults_trim, v_misc_14,
          v_misc_8, nicolae_vaults_asterisk, vaults_room_pool
Vaults:3: v_misc_12, stair_cage_open, hangedman_vaults_nails,
          nicolae_vaults_disjoint_gnomons, minmay_crypt_entry_simple_statues,
          hangedman_vaults_stretched_pinwheel, ontoclasm_vaults_ligature,
          v_misc_10, nicolae_vaults_little_squares_3,
          hangedman_vaults_corner_blocks, hangedman_vaults_trim, basic_altar
Vaults:4: hangedman_vaults_impose, nicolae_vaults_rhombus_6,
          nicolae_vaults_yaktaur_gun_rack, nicolae_vaults_network_square,
          hangedman_vaults_impose, nicolae_vaults_bisected_slash,
          vaults_mumra_hex, nicolae_vaults_shelves_hall, vaults_room_door_ring,
          special_room_vaults, v_misc_26, nicolae_vaults_big_ls,
          ontoclasm_vaults_spin, serial_shops, shop, uniq_bai_suzhen
Vaults:5: uniq_frederick, uniq_mara, uniq_sojobo
Crypt:1:  roderic_lattice_octagonal_star, grunt_megastairs_3,
          grunt_crypt_arrival_split, uniq_mennas
Crypt:2:  special_room
Crypt:3:  lightli_unholy_cathedral
Depths:1: hell_entry, serial_shops, shop, kennysheep_decorative_pillar,
          minmay_misc_feat_encased, doesnt_xom_only_xom
Depths:2: hangedman_arrow_trap, enter_ziggurat_b, serial_shops,
          kennysheep_little_box, hell_entry, rand_demon_pan_entry_7,
          kennysheep_generic_room_6, infiniplex_staircase_zigzag_3
Depths:3: minmay_tri_stars, rand_demon_pan_entry_3, hell_entry,
          nrook_pool_corridor, serial_bayou_lagoon_b
Depths:4: minmay_bloctagon_deflated, kennysheep_minor_cross, abyss_entry,
          serial_sigils, serial_sigils_hangedman_etch,
          serial_sigils_hangedman_carve, serial_sigils_hangedman_scar,
          serial_sigils_hangedman_stare, serial_sigils_hangedman_scratch,
          serial_sigils_hangedman_snap, hell_entry
Depths:5: grunt_zot_entry_tricorne, hell_entry, uniq_enchantress
Lab:      labyrinth_spiral
Sewer:    sewer_co_tree
IceCv:    ice_cave_statue_garden_chambered
Volcano:  volcano_lake

Skill      XL: |  1  2  3  4  5  6  7  8  9 10 11 12 13 14 15 16 17 18 19 20 21 22 23 24 25 |
---------------+----------------------------------------------------------------------------+-----
Long Blades    | 4 5 7 8 9 11 13 14 16 17 | 17.6
Invocations    | 3 5 7 8 12 13 15 17 18 | 18.4
Armour         | 2 6 9 12 13 14 16 17 18 20 21 | 21.9
Fighting       | 3 6 9 13 14 16 17 19 20 21 | 21.4
Dodging        | 4 6 8 12 13 15 19 20 21 | 21.7
Shields        | 6 11 15 | 15.6
Throwing       | 8 14 17 | 17.7

Action                   |  1- 3 |  4- 6 |  7- 9 | 10-12 | 13-15 | 16-18 | 19-21 | 22-24 | 25-27 || total
-------------------------+-------+-------+-------+-------+-------+-------+-------+-------+-------++-------
Melee: Long sword        |    54 |       |       |       |       |       |       |       |       ||    54
       Headbutt          |    14 |    21 |    68 |   125 |   374 |   262 |   698 |   525 |    82 ||  2169
       Dagger            |    36 |    16 |       |       |       |       |       |       |       ||    52
       Falchion          |       |   104 |   321 |   266 |       |       |       |       |       ||   691
       Scimitar          |       |       |       |   192 |  1223 |  1103 |  1945 |   262 |       ||  4725
       Peck              |       |       |       |    43 |   380 |   295 |   664 |   518 |    83 ||  1983
       Double sword      |       |       |       |       |       |       |       |  1263 |   211 ||  1474
Throw: Throwing net      |       |       |       |     1 |       |       |       |       |       ||     1
Invok: Animate Dead      |       |       |       |       |    31 |    18 |    54 |    38 |       ||   141
       Enslave Soul      |       |       |       |       |     1 |       |     1 |       |       ||     2
       Recall Undead Sla |       |       |       |       |     1 |       |     1 |     1 |       ||     3
       Drain Life        |       |       |       |       |     1 |     7 |    10 |     1 |       ||    19
Evoke: Lightning rod     |       |       |       |     4 |     4 |       |     3 |       |       ||    11
       Wand              |       |       |       |       |     1 |     5 |     4 |       |       ||    10
       Lamp of fire      |       |       |       |       |     1 |     2 |     3 |       |       ||     6
  Use: Potion            |       |     2 |     2 |     9 |     3 |     4 |     2 |     3 |       ||    25
       Scroll            |       |       |    11 |     8 |    16 |    15 |     9 |    18 |     1 ||    78
 Stab: Held in net/web   |       |       |       |     4 |       |       |       |       |       ||     4
       Distracted        |       |       |       |     1 |     5 |    16 |    15 |    23 |       ||    60
       Paralysed         |       |       |       |       |     7 |     5 |       |       |       ||    12
       Confused          |       |       |       |       |       |     1 |     1 |       |       ||     2
       Petrified         |       |       |       |       |       |       |    11 |       |       ||    11
  Eat: Chunk             |       |     3 |     8 |     9 |    32 |     8 |    26 |    30 |     2 ||   118
       Royal jelly       |       |       |     1 |       |     2 |     2 |       |       |       ||     5
       Meat ration       |       |       |       |     2 |     3 |     5 |     6 |     3 |       ||    19
       Fruit             |       |       |       |       |     1 |       |       |       |       ||     1
Armor: Leather armour    |    20 |     1 |       |       |       |       |       |       |       ||    21
       Ring mail         |       |    50 |   109 |   163 |    27 |       |       |       |       ||   349
       Ice dragon scales |       |       |       |       |   509 |   391 |   373 |   226 |    28 ||  1527
Dodge: Dodged            |    57 |    63 |   141 |   232 |   806 |   706 |   811 |   561 |    85 ||  3462
Block: Buckler           |       |       |       |       |   278 |   772 |       |       |       ||  1050
       Reflection        |       |       |       |       |       |    51 |   187 |   100 |     1 ||   339
       Shield            |       |       |       |       |       |       |  2292 |  1495 |   267 ||  4054
       Rpst.: Long sword |    11 |       |       |       |       |       |       |       |       ||    11
       Falchion          |       |    16 |    42 |    38 |       |       |       |       |       ||    96
       Scimitar          |       |       |       |    31 |   189 |   116 |   142 |    10 |       ||   488
       Double sword      |       |       |       |       |       |       |       |    60 |    16 ||    76
